 Dungeon Crawl Stone Soup version 0.20.1-1-g8b1a95d (webtiles) character file.

1440 HammerPanzer the Basher (level 8, -5/66 HPs)
             Began as a Minotaur Berserker on Oct 25, 2017.
             Was a Priest of Trog.
             Slain by Menkaure (19 damage)
             ... on level 6 of the Dungeon.
             The game lasted 00:20:48 (5191 turns).

HammerPanzer the Basher (Minotaur Berserker)        Turns: 5191, Time: 00:20:49

Health: -5/66      AC:  9    Str: 23    XL:     8   Next: 46%
Magic:  7/7        EV:  8    Int:  0    God:    Trog [***...]
Gold:   374        SH:  0    Dex: 11    Spells: 7/7 levels left

rFire    . . .     SeeInvis .   q - +0 morningstar
rCold    . . .     Gourm    .   (no shield)
rNeg     . . .     Faith    .   E - +0 chain mail
rPois    .         Spirit   .   (helmet restricted)
rElec    .         Reflect  .   (no cloak)
rCorr    .         Harm     .   r - +0 pair of gloves
MR       .....                  (no boots)
Stlth    ..........             (no amulet)
Regen    0.3/turn               h - ring of stealth
MPRegen  0.1/turn               k - -4 ring of intelligence (curse)

@: slowed, lost intelligence, very slow
A: retaliatory headbutt, horns 2
a: Berserk, Trog's Hand, Burn Spellbooks, Renounce Religion


You were on level 6 of the Dungeon.
You worshipped Trog.
Trog was most pleased with you.
You were hungry.

You visited 1 branch of the dungeon, and saw 6 of its levels.

You collected 374 gold pieces.

Inventory:

Hand Weapons
 q - a +0 morningstar (weapon)
 L - a +0 flail
Missiles
 o - 6 tomahawks (quivered)
Armour
 r - a +0 pair of gloves (worn)
 E - a +0 chain mail (worn)
Jewellery
 h - a ring of stealth (left hand)
 k - a cursed -4 ring of intelligence (right hand)
 s - a +4 ring of intelligence
 M - an uncursed ring of resist corrosion {unknown}
Wands
 p - a wand of iceblast (2/15)
 t - a wand of random effects (18/48)
 w - a wand of confusion (21/48)
 F - a wand of lightning (4/15)
 I - a wand of acid (4/15)
 J - a wand of scattershot (2/9)
Scrolls
 e - a scroll of remove curse
 g - 4 scrolls of enchant weapon {unknown}
 j - 4 scrolls of identify
 v - a scroll of magic mapping {unknown}
 y - a scroll of fog
 C - 2 scrolls of immolation {unknown}
 G - 2 scrolls of teleportation
 K - a scroll of enchant armour
Potions
 a - 2 potions of curing
 b - a potion of berserk rage
 d - a potion of resistance
 f - 2 potions of brilliance
 i - 3 potions of degeneration {unknown}
 l - 3 potions of agility
 u - 2 potions of mutation {unknown}
 z - 2 potions of lignification {unknown}
 A - a potion of cancellation {unknown}
 B - a potion of might {unknown}
 D - a potion of haste {unknown}
Books
 H - a book of Necromancy

   Spells                             Type                      Level
   a - Pain                           Necromancy                   1
   b - Animate Skeleton               Necromancy                   1
   c - Vampiric Draining              Necromancy                   3
   d - Regeneration                   Charms/Necromancy            3
   e - Animate Dead                   Necromancy                   4
   f - Control Undead                 Necromancy                   4
   Trog disapproves of the use of such an item.
Comestibles
 c - 3 bread rations
 m - a meat ration
 n - a royal jelly
 x - 2 fruits


   Skills:
 - Level 3.7 Fighting
 + Level 12.5 Maces & Flails
 - Level 2.4 Armour
 - Level 2.1 Dodging
 - Level 1.0 Stealth


You had 7 spell levels left.
You didn't know any spells.

Dungeon Overview and Level Annotations

Branches:
Dungeon (6/15)             Temple (0/1) D:5

Altars:
Cheibriados
Fedhas
Nemelex Xobeh
Yredelemnul

Shops:
D:4 *

Annotations:
D:6 Menkaure


Innate Abilities, Weirdness & Mutations

You reflexively headbutt those who attack you in melee.
You have a pair of horns on your head.


Message History

Found an escape hatch in the ceiling.
G - 2 scrolls of teleportation (gained 1) Unknown command.
There is an escape hatch in the ceiling here.
Found a glowing ring mail.
Found a robe.
Menkaure, Prince of Dust comes into view.
Menkaure hits you but does no damage.
You see here a glowing ring mail.
You barely miss Menkaure. Menkaure hits you.
Your chain mail prevents you from hitting Menkaure.
Menkaure calls on the powers of darkness!
Your body is wracked with pain!
Menkaure casts a spell at you. Pain shoots through your body!
* * * LOW HITPOINT WARNING * * *
Menkaure hits you!
* * * LOW HITPOINT WARNING * * *
You feel better. Menkaure hits you!!
You die...

......# ......# .....##
..#...# #.#...# #.#...##+#
#.#......#
###########.M.[...#
#####...<.......@....##
.........................
#####...........#.######.#
#...........#..#
#...........##.#
#...........# [.
#...........# #.#
#...........# .. .......


You could see Menkaure.

Vanquished Creatures
  Duvessa (D:6)
  The ghost of othur the Chopper, an amateur MiCK of Xom (D:3)
  A big kobold (D:3)
  2 bullfrogs (D:6)
  4 scorpions
  Dowan (D:6)
  4 wights (D:6)
  A quasit (D:6)
  A centaur zombie (D:5)
  An orc priest (D:4)
  A bullfrog skeleton (D:4)
  2 iguanas
  2 orc wizards (D:5)
  6 worker ants
  Ijyb (D:4)
  9 adders
  4 gnolls (D:6)
  3 oozes
  An adder zombie (D:5)
  A worm (D:5)
  A dart slug (D:1)
  4 leopard geckos
  8 orcs
  5 giant cockroaches
  2 gnoll zombies (D:6)
  9 goblins
  10 hobgoblins
  8 jackals
  10 kobolds
  2 quokkas
  A ball python (D:3)
  9 bats
  7 frilled lizards
  A jackal zombie (D:5)
  A quokka zombie (D:6)
  5 rats
130 creatures vanquished.

Notes
Turn   | Place    | Note
-------+----------+-------------------------------------------
     0 | D:1      | HammerPanzer the Minotaur Berserker began the quest for the Orb.
     0 | D:1      | Reached XP level 1. HP: 19/19 MP: 0/0
   132 | D:1      | Reached skill level 4 in Maces & Flails
   254 | D:1      | Reached XP level 2. HP: 27/27 MP: 1/1
   975 | D:2      | Reached skill level 5 in Maces & Flails
   975 | D:2      | Reached XP level 3. HP: 30/33 MP: 2/2
  1127 | D:2      | Reached ** piety under Trog
  1137 | D:2      | Reached skill level 1 in Stealth
  1390 | D:2      | Reached XP level 4. HP: 35/40 MP: 3/3
  1824 | D:2      | Reached skill level 6 in Maces & Flails
  2020 | D:3      | Noticed othur's ghost (amateur MiCK)
  2434 | D:3      | Killed othur's ghost
  2434 | D:3      | Reached skill level 7 in Maces & Flails
  2434 | D:3      | Reached XP level 5. HP: 46/46 MP: 0/4
  2600 | D:3      | Reached skill level 8 in Maces & Flails
  2600 | D:3      | Reached XP level 6. HP: 51/52 MP: 5/5
  2640 | D:3      | Lost intelligence.
  2832 | D:4      | Found a snail-covered altar of Cheibriados.
  2868 | D:4      | Noticed Ijyb
  2876 | D:4      | Killed Ijyb
  3031 | D:4      | Found Eptaezubb's Assorted Antiques.
  3035 | D:4      | Found a blossoming altar of Fedhas.
  3314 | D:4      | Reached *** piety under Trog
  3543 | D:4      | Reached skill level 9 in Maces & Flails
  3565 | D:4      | Reached XP level 7. HP: 46/58 MP: 6/6
  3873 | D:5      | Entered Level 5 of the Dungeon
  3987 | D:5      | Noticed Grinder
  4006 | D:5      | Paralysed by Grinder for 3 turns
  4014 | D:5      | Reached skill level 10 in Maces & Flails
  4206 | D:5      | Found a sparkling altar of Nemelex Xobeh.
  4618 | D:5      | Found a staircase to the Ecumenical Temple.
  4701 | D:5      | Reached skill level 11 in Maces & Flails
  4789 | D:6      | Reached XP level 8. HP: 66/66 MP: 7/7
  4918 | D:6      | Noticed Dowan
  4920 | D:6      | Noticed Duvessa
  4924 | D:6      | Killed Dowan
  4931 | D:6      | Killed Duvessa
  4931 | D:6      | Reached skill level 12 in Maces & Flails
  5129 | D:6      | Found a basalt altar of Yredelemnul.
  5184 | D:6      | Noticed Menkaure
  5191 | D:6      | Slain by Menkaure

Skill      XL: |  1  2  3  4  5  6  7  8 |
---------------+-------------------------+-----
Maces & Flails | 4 5 7 8 9 11 12 | 12.5
Stealth        | 1 |  1.0
Fighting       | |  3.7
Armour         | |  2.4
Dodging        | |  2.1

Action                   |  1- 3 |  4- 6 |  7- 9 || total
-------------------------+-------+-------+-------++-------
Melee: Mace              |    72 |    50 |       ||   122
       Headbutt          |     5 |    19 |    19 ||    43
       Morningstar       |       |    51 |   130 ||   181
Invok: Berserk           |       |     2 |     3 ||     5
  Use: Scroll            |       |     9 |       ||     9
       Potion            |       |       |     2 ||     2
 Stab: Sleeping          |     3 |     2 |       ||     5
  Eat: Chunk             |     2 |     9 |    10 ||    21
Armor: Animal skin       |     2 |       |       ||     2
       Leather armour    |     6 |       |       ||     6
       Ring mail         |    13 |    33 |     4 ||    50
       Chain mail        |       |       |    84 ||    84
Dodge: Dodged            |    43 |    66 |    69 ||   178
